 Dungeon Crawl Stone Soup version 0.16.2-12-gd0ad4c3 (webtiles) character file.

4719 faibistes the Thaumaturge (level 10, 0/56 HPs)
             Began as a Deep Elf Wizard on Dec 26, 2018.
             Was an Elder of Sif Muna.
             Slain by a red ugly thing (18 damage)
             ... on level 8 of the Dungeon.
             The game lasted 00:31:41 (11752 turns).

faibistes the Thaumaturge (Deep Elf Wizard)        Turns: 11752, Time: 00:31:42

Health: 0/56       AC:  8    Str:  4    XL:     10   Next: 22%
Magic:  30/41      EV: 15    Int: 27    God:    Sif Muna [****..]
Gold:   732        SH:  0    Dex: 13    Spells: 6 memorised, 17 levels left

rFire  . . .     SeeInvis .     C - staff of earth
rCold  + . .     Clarity  .     G - +1 robe {MR+}
rNeg   . . .     SustAb   .     (no shield)
rPois  .         Gourm    .     b - +1 hat
rElec  .         Spirit   .     B - +1 cloak {+Inv}
rCorr  .         Warding  .     y - +0 pair of gloves
rMut   .         Stasis   .     w - +0 pair of boots
MR     ++...                    (no amulet)
Stlth  ++........               x - ring of magical power
                                L - +5 ring of slaying

@: repel missiles, very resistant to hostile enchantments, unstealthy
A: cold resistance 1
a: Channel Energy, Forget Spell, Renounce Religion, Evoke Invisibility


You were on level 8 of the Dungeon.
You worshipped Sif Muna.
Sif Muna was greatly pleased with you.
You were not hungry.

You visited 2 branches of the dungeon, and saw 10 of its levels.
You also visited: Sewer.

You collected 732 gold pieces.

Inventory:

Hand weapons
 g - a +0 dagger
Armour
 b - a +1 hat (worn)
 w - a +0 pair of boots (worn)
 y - a +0 pair of gloves (worn)
 z - a +0 robe of cold resistance
 B - a +1 cloak of invisibility (worn)
 G - a +1 robe of magic resistance (worn)
Magical staves
 a - an uncursed staff of fire
 C - an uncursed staff of earth (weapon)
Jewellery
 e - a +3 ring of intelligence
 u - a +1 ring of protection
 x - a ring of magical power (right hand)
 I - an uncursed ring of fire
 L - a +5 ring of slaying (left hand)
Magical devices
 h - a wand of random effects (36)
 K - a wand of magic darts (1)
Scrolls
 j - a scroll of noise
 k - 2 scrolls of fog
 q - 2 scrolls of magic mapping
 r - 5 scrolls of teleportation
 s - a scroll of fear
 t - 4 scrolls of remove curse
 J - 4 scrolls of identify
 M - a scroll of blinking
 O - a scroll of immolation
Potions
 f - 3 potions of curing
 i - a potion of resistance
 l - a potion of agility
 m - a potion of might
 n - 3 potions of poison
 o - 4 potions of flight
 p - 3 potions of cure mutation
 v - a potion of heal wounds
 A - a potion of ambrosia
 E - a potion of haste
Books
 c - a book of Minor Magic

   Spells                             Type                      Level
   a - Magic Dart                     Conjuration                  1
   b - Blink                          Translocation                2
   c - Call Imp                       Summoning                    2
   d - Repel Missiles                 Charms/Air                   2
   e - Slow                           Hexes                        2
   f - Conjure Flame                  Conjuration/Fire             3
   g - Mephitic Cloud                 Conjuration/Poison/Air       3
Comestibles
 d - 10 bread rations
 D - a royal jelly
 F - 2 beef jerkies
 H - 3 fruits
 N - a chunk of flesh


   Skills:
 + Level 3.0 Fighting
 + Level 6.5 Dodging
 - Level 2.4 Stealth
 * Level 10.7 Spellcasting
 + Level 6.4 Conjurations
 + Level 3.8 Charms
 - Level 1.1 Summonings
 + Level 3.5 Translocations
 * Level 4.7 Fire Magic
 - Level 3.9 Air Magic
 - Level 2.8 Poison Magic
 * Level 3.7 Invocations
 + Level 4.0 Evocations


You had 17 spell levels left.
You knew the following spells:

 Your Spells              Type           Power        Failure   Level  Hunger
a - Magic Dart            Conj           ####         1%          1    None
b - Conjure Flame         Conj/Fire      #####...     1%          3    None
c - Call Imp              Summ           ###.....     4%          2    None
d - Blink                 Tloc           N/A          1%          2    None
e - Mephitic Cloud        Conj/Pois/Air  ###.....     1%          3    None
f - Repel Missiles        Chrm/Air       ###...       1%          2    None


Dungeon Overview and Level Annotations

Branches:
Dungeon (9/15)             Temple (1/1) D:5
   Lair: D:8-11         Orc: D:9-12

Altars:
Ashenzari
Cheibriados
Dithmenos
Elyvilon
Fedhas
Gozag
Kikubaaqudgha
Makhleb
Nemelex Xobeh
Okawaru
Qazlal
Ru
Sif Muna
Trog
Vehumet
Xom
Yredelemnul
Zin
The Shining One


Innate Abilities, Weirdness & Mutations

Your flesh is cold resistant.


Message History

Press: ? - help, Dir - move target cursor The fire roars!
The red ugly thing is engulfed in roaring flames.
Casting: Conjure Flame
Confirm with . or Enter, or press ? or * to list all spells.
Aiming: Conjure Flame
Press: ? - help, Dir - move target cursor The fire roars!
The red ugly thing is engulfed in roaring flames.
You hit the red ugly thing.
The red ugly thing is moderately wounded.
The red ugly thing is engulfed in roaring flames.
The red ugly thing barely misses you.
The red ugly thing is engulfed in roaring flames.
The red ugly thing tail-slaps you!
You are engulfed in flames!
You closely miss the red ugly thing.
The red ugly thing is moderately wounded.
The red ugly thing is engulfed in roaring flames.
The red ugly thing tail-slaps you!
You are engulfed in flames!!
You die...

##......## ......###........# #.
...###.......###......###...# #.
u...# ....... ..... ....## ##
.#..# .#.}. #..#. ..#..# )####
##.⌠ ####..#######... .#.[#
#..#..#..#..#.# ....# .
#........#....#
..u###.......###......###...#
##..§...# #.§§§u@###........#
#........#........#.........##
#..#..#..#..#..#..#..#..÷....####
####..# ### #..#######...#......)
.# #.. #..##....... .. ..
....##.....## .. ...
.###....##....)## . .
.......###......#
.......####.(.....


You could see a red ugly thing.

Vanquished Creatures
  An ugly thing (D:8)
  A slime creature (D:7)
  2 two-headed ogres (D:8)
  Eustachio (D:7)
  A hungry ghost (D:8)
  2 sky beasts
  4 ice beasts
  A necrophage (D:7)
  8 ogres
  A phantom (D:4)
  4 centaurs
  5 giant frogs
  A scorpion (D:7)
  5 wights (D:7)
  A quasit (D:8)
  3 crimson imps
  A goliath beetle (D:8)
  4 hounds
  2 orc priests (D:3)
  A centaur zombie (D:8)
  Crazy Yiuf (D:3)
  A centaur skeleton (D:8)
  2 jellies
  2 giant frog skeletons
  4 worker ants
  3 iguanas
  4 orc wizards
  A hound zombie (D:6)
  3 worker ant zombies
  4 adders
  3 hound skeletons
  A river rat (D:3)
  A giant mite (D:5)
  5 worms
  An adder zombie (D:7)
  6 giant geckos
  3 oozes (Sewer)
  23 orcs
  3 ball pythons
  21 bats
  3 bat skeletons
  9 giant cockroaches
  14 goblins
  10 hobgoblins
  13 kobolds
  A giant gecko zombie (D:6)
  7 giant newts
  12 jackals
  A quokka skeleton (D:5)
  19 rats
230 creatures vanquished.

Vanquished Creatures (collateral kills)
  Jessica (D:2)
  An adder (D:3)
  A giant gecko (Sewer)
  An ooze (Sewer)
  2 orcs (D:3)
  A hobgoblin (D:3)
  2 jackals (D:3)
  A bat (Sewer)
  A giant newt (Sewer)
11 creatures vanquished.

Vanquished Creatures (others)
  A white imp (D:3)
1 creature vanquished.

Grand Total: 242 creatures vanquished

Notes
Turn   | Place    | Note
--------------------------------------------------------------
     0 | D:1      | faibistes, the Deep Elf Wizard, began the quest for the Orb.
     0 | D:1      | Reached XP level 1. HP: 10/10 MP: 6/6
   421 | D:1      | Reached XP level 2. HP: 15/15 MP: 7/9
   425 | D:1      | Learned a level 2 spell: Blink
   428 | D:1      | Learned a level 2 spell: Call Imp
  1324 | D:2      | Noticed Jessica
  1352 | D:3      | Reached skill level 5 in Spellcasting
  1467 | D:2      | Killed Jessica
  1467 | D:2      | Reached XP level 3. HP: 19/19 MP: 5/14
  1477 | D:2      | Learned a level 3 spell: Conjure Flame
  1481 | D:2      | Learned a level 3 spell: Mephitic Cloud
  1837 | D:3      | Found a radiant altar of Vehumet.
  1854 | D:3      | Found a glowing drain.
  1873 | Sewer    | Entered a sewer
  2005 | Sewer    | Reached XP level 4. HP: 24/24 MP: 8/17
  2033 | Sewer    | Learned a level 2 spell: Repel Missiles
  2804 | Sewer    | Reached skill level 6 in Spellcasting
  2995 | D:4      | Reached XP level 5. HP: 28/28 MP: 4/20
  4408 | D:3      | Reached XP level 6. HP: 21/32 MP: 18/22
  4531 | D:5      | Entered Level 5 of the Dungeon
  4662 | D:3      | Reached skill level 7 in Spellcasting
  5069 | D:3      | Noticed Crazy Yiuf
  5079 | D:3      | Killed Crazy Yiuf
  5298 | D:4      | Noticed a phantom
  5312 | D:4      | Killed a phantom
  5312 | D:4      | Reached skill level 1 in Fighting
  5312 | D:4      | Reached skill level 1 in Evocations
  5619 | D:5      | Reached XP level 7. HP: 38/38 MP: 21/25
  5795 | D:4      | Found a sacrificial altar of Ru.
  5879 | D:4      | Found an ancient bone altar of Kikubaaqudgha.
  5879 | D:4      | Found an opulent altar of Gozag.
  5881 | D:4      | Found a bloodstained altar of Trog.
  5881 | D:4      | Found a stormy altar of Qazlal.
  6020 | D:5      | Found a shattered altar of Ashenzari.
  6059 | D:5      | Reached skill level 8 in Spellcasting
  6119 | D:5      | Gained mutation: Your flesh is cold resistant. [potion of beneficial mutation]
  6259 | D:5      | Found a staircase to the Ecumenical Temple.
  6268 | Temple   | Entered the Ecumenical Temple
  6340 | Temple   | Became a worshipper of Sif Muna the Loreminder
  6577 | D:5      | Reached skill level 1 in Fire Magic
  6577 | D:5      | Reached skill level 1 in Air Magic
  6698 | D:5      | Reached skill level 1 in Poison Magic
  6787 | D:5      | Saw a vision of the Shoals and the Snake Pit.
  6787 | D:5      | Noticed a water moccasin
  6787 | D:5      | Noticed a naga
  6787 | D:5      | Noticed a naga ritualist
  6787 | D:5      | Noticed a shock serpent
  6787 | D:5      | Noticed a naga mage
  6787 | D:5      | Noticed a black mamba
  6787 | D:5      | Noticed a water moccasin
  6787 | D:5      | Noticed a siren
  6787 | D:5      | Noticed a siren
  6790 | D:5      | Noticed a black mamba
  6790 | D:5      | Noticed a merfolk
  6861 | D:6      | Acquired Sif Muna's first power
  6861 | D:6      | Reached XP level 8. HP: 44/44 MP: 22/27
  7550 | D:6      | Reached skill level 5 in Dodging
  8053 | D:6      | Reached skill level 9 in Spellcasting
  8510 | D:7      | Reached skill level 5 in Conjurations
  8601 | D:7      | Noticed Eustachio
  8619 | D:7      | Killed Eustachio
  8619 | D:7      | Acquired Sif Muna's second power
  8861 | D:8      | Noticed a two-headed ogre
  8870 | D:8      | Killed a two-headed ogre
  8870 | D:8      | Reached XP level 9. HP: 48/48 MP: 22/29
  9141 | D:7      | Noticed a slime creature
  9141 | D:7      | Noticed a slime creature
  9141 | D:7      | Noticed a slime creature
  9141 | D:7      | Noticed a slime creature
  9141 | D:7      | Noticed a slime creature
  9192 | D:7      | Killed a slime creature
  9192 | D:7      | Reached skill level 1 in Charms
  9195 | D:7      | Reached skill level 10 in Spellcasting
  9441 | D:7      | Reached skill level 1 in Invocations
  9517 | D:7      | Found a glowing golden altar of the Shining One.
 10218 | D:8      | Noticed a brown ugly thing
 10230 | D:8      | Killed a brown ugly thing
 10504 | D:8      | Reached XP level 10. HP: 54/56 MP: 14/31
 10870 | D:8      | Noticed a red ugly thing
 10887 | D:8      | Noticed a cyclops
 11268 | D:8      | Acquired Sif Muna's third power
 11752 | D:8      | Slain by a red ugly thing

Action                   |  1- 3 |  4- 6 |  7- 9 | 10-12 || total
-------------------------+-------+-------+-------+-------++-------
Melee: Dagger            |    11 |    17 |       |       ||    28
       Staff             |       |     2 |    22 |    11 ||    35
 Cast: Magic Dart        |    86 |   218 |   360 |   112 ||   776
       Call Imp          |    17 |     2 |       |       ||    19
       Mephitic Cloud    |     2 |     7 |    18 |     7 ||    34
       Blink             |     1 |     3 |    12 |     4 ||    20
       Conjure Flame     |       |     7 |    43 |    11 ||    61
       Repel Missiles    |       |     1 |     1 |     1 ||     3
Invok: Channel Energy    |       |       |     8 |       ||     8
Evoke: Wand              |       |       |    31 |       ||    31
  Use: Scroll            |     8 |     7 |     5 |     1 ||    21
       Potion            |     2 |     1 |     1 |       ||     4
 Stab: Sleeping          |       |     1 |     1 |     1 ||     3
  Eat: Chunk             |     3 |    11 |    16 |     4 ||    34
       Fruit             |       |       |     1 |       ||     1
